 Dungeon Crawl Stone Soup version 0.23-a0-386-g9c9d49f (webtiles) character file.

829 Amnesiac the Digger (level 7, -1/41 HPs)
             Began as an Octopode Earth Elementalist on Oct 25, 2018.
             Slain by a scorpion (5 damage)
             ... on level 7 of the Dungeon on Oct 28, 2018.
             The game lasted 00:13:53 (4677 turns).

Amnesiac the Digger (Octopode Earth Elementalist)   Turns: 4677, Time: 00:13:54

Health: -1/41      AC:  1    Str:  8      XL:     7   Next: 97%
Magic:  11/13      EV: 19    Int: 19      God:
Gold:   253        SH:  0    Dex: 16 (17) Spells: 2/14 levels left

rFire    . . .     SeeInvis .   o - +0 dagger (venom)
rCold    . . .     Gourm    .   (no shield)
rNeg     . . .     Faith    .   (helmet restricted)
rPois    +         Spirit   .   (no amulet)
rElec    .         Reflect  .   j - ring of resist corrosion
rCorr    +         Harm     .   t - ring of poison resistance
MR       .....                  (no ring)
Stlth    +++++.....             (no ring)
HPRegen  0.13/turn              (no ring)
MPRegen  0.13/turn              (no ring)
                                (no ring)
                                (no ring)

@: agile
A: almost no armour, stealthy swim, amphibious, 8 rings, constrict 8, camouflage
1, gelatinous body 1
a: no special abilities


You were on level 7 of the Dungeon.
You were not hungry.

You visited 1 branch of the dungeon, and saw 6 of its levels.

You collected 253 gold pieces.

Inventory:

Hand Weapons
 o - a +0 dagger of venom (weapon)
Missiles
 b - 143 stones (quivered)
Armour
 p - a +2 large shield
Jewellery
 j - a ring of resist corrosion (left tentacle)
 t - a ring of poison resistance (right tentacle)
Wands
 n - a wand of flame (59)
 q - a wand of polymorph (24)
Scrolls
 f - 2 scrolls of teleportation {!r}
 g - 2 scrolls of enchant weapon {!r, unknown}
 k - a scroll of blinking {!r, unknown}
 s - 2 scrolls of amnesia {!r, unknown}
Potions
 e - a potion of magic {!q, unknown}
 h - a potion of flight {!q}
 l - a potion of curing {!q}
 m - 2 potions of agility {!q}
Comestibles
 c - 13 rations
 i - 5 chunks of flesh


   Skills:
 - Level 2.6 Dodging
 - Level 4.0 Stealth
 + Level 1.7 Shields
 + Level 4.4 Spellcasting
 - Level 1.0 Transmutations
 * Level 7.1 Earth Magic


You had 2 spell levels left.
You knew the following spells:

 Your Spells              Type           Power        Failure   Level  Hunger
a - Sandblast             Erth           ####..       1%          1    None
b - Passwall              Tmut/Erth      ###.....     3%          2    #......
d - Lee's Rapid Deconstr  Erth           ####......   19%         5    ######.
e - Petrify               Tmut/Erth      ###.....     24%         4    ####...

Your spell library contained the following spells:

 Spells                   Type           Power        Failure   Level  Hunger
 Stone Arrow              Conj/Erth      ###...       9%          3    ###....


Dungeon Overview and Level Annotations

Branches:
Dungeon (5/15)
 Temple: D:4-7

Altars:
Elyvilon
Makhleb
Sif Muna
Trog
Wu Jian
Yredelemnul
Zin


Innate Abilities, Weirdness & Mutations

You cannot wear most types of armour.
You are very stealthy in the water. (Stealth+)
You are amphibious.
You can wear up to eight rings at the same time.
You can use your tentacles to constrict eight enemies at once.
Your skin changes colour to match your surroundings (Stealth+).
Your rubbery body absorbs attacks. (AC +1, EV +1)


Message History

You feel a bit more experienced.
You see here an orange potion {!q}.
m - 3 orange potions {!q} (gained 1)
The orc hits you with a +0 hand axe.
* * * LOW HITPOINT WARNING * * *
You see here a wand of polymorph (7).
q - a wand of polymorph (24) (gained 7 charges)
The orc closely misses you.
A bullfrog comes into view.
Found a scroll of teleportation.
An orc priest comes into view. It is wielding a +0 trident.
A scorpion comes into view.
The orc priest misses you.
The orc priest hits you with a +0 trident!
* * * LOW HITPOINT WARNING * * *
Really quaff
l - 3 potions of curing {!q}?
You feel better. The orc hits you with a +0 hand axe.
* * * LOW HITPOINT WARNING * * *
The orc priest closely misses you.
Really quaff
m - 3 orange potions {!q}?
It was a potion of agility {!q}.
You feel agile all of a sudden. The orc barely misses you.
Really quaff
l - 2 potions of curing {!q}?
You feel better.
The orc priest calls down the wrath of Beogh upon you.
Pain shoots through your body!
* * * LOW HITPOINT WARNING * * *
The orc closely misses you.
Casting: Sandblast (safe; 1% risk of failure)
Confirm with . or Enter, or press ? or * to list all spells.
Aiming: Sandblast (safe; 1% risk of failure)
Press: ? - help, Shift-Dir - straight line, f - orc priest
Aim: an orc priest, wielding a +0 trident The blast of sand hits the orc priest.
The orc priest is almost dead.
b - 144 stones The orc priest casts a cantrip, but nothing happens.
The orc hits you with a +0 hand axe.
* * * LOW HITPOINT WARNING * * *
Unknown command.
Casting: Sandblast (safe; 1% risk of failure)
Confirm with . or Enter, or press ? or * to list all spells.
Aiming: Sandblast (safe; 1% risk of failure)
Press: ? - help, Shift-Dir - straight line, f/p - orc priest
Aim: an orc priest, wielding a +0 trident (almost dead)
The blast of sand hits the orc priest.
You kill the orc priest!
b - 143 stones Unknown command.
Casting: Sandblast (safe; 1% risk of failure)
Confirm with . or Enter, or press ? or * to list all spells.
Aiming: Sandblast (safe; 1% risk of failure)
Press: ? - help, Shift-Dir - straight line, f - orc
Aim: an orc, wielding a +0 hand axe
Okay, then.
You closely miss the scorpion. You grab the scorpion.
You constrict the scorpion, but do no damage.
The orc closely misses you. The scorpion completely misses you.
You hit the scorpion but do no damage. You constrict the scorpion.
The orc hits you with a +0 hand axe.
* * * LOW HITPOINT WARNING * * *
The scorpion stings you.
You die...

#############
#...o.o.....##.
#.#####......F.
#o# #.###....
#o# #o# ## #o#
#.# #@# #o#
###s## #.#
...... #o#
(...#.###.#
###.....#.#
###...).#.#
..........#
###.....$.......
#.....########


You could see an orc warrior, a scorpion and 2 orcs.

Vanquished Creatures
  Eustachio (D:5)
  An ogre (D:3)
  A scorpion (D:4)
  A hound (D:5)
  A gnoll shaman (D:4)
  4 orc priests
  Ijyb (D:3)
  2 orc wizards
  3 worker ants (D:4)
  Robin (D:3)
  5 gnolls (D:4)
  4 adders
  2 oozes
  3 dart slugs
  4 leopard geckos
  12 orcs
  4 ball pythons
  10 bats
  3 giant cockroaches
  19 goblins
  7 hobgoblins
  2 jackals (D:1)
  7 kobolds
  2 quokkas
  5 frilled lizards
  11 rats
116 creatures vanquished.

Notes
Turn   | Place    | Note
-------+----------+-------------------------------------------
     0 | D:1      | Amnesiac the Octopode Earth Elementalist began the quest
                  | for the Orb.
     0 | D:1      | Reached XP level 1. HP: 11/11 MP: 3/3
     0 | D:1      | Upgraded the game from 0.23-a0-373-g305c090 to
                  | 0.23-a0-386-g9c9d49f
   190 | D:1      | Reached XP level 2. HP: 14/17 MP: 3/5
   240 | D:1      | Learned a level 2 spell: Passwall
   506 | D:1      | Reached XP level 3. HP: 18/21 MP: 6/6
  1136 | D:2      | Reached skill level 4 in Earth Magic
  1266 | D:2      | Found a glowing silver altar of Zin.
  1349 | D:2      | Found a burning altar of Makhleb.
  1349 | D:2      | Found a basalt altar of Yredelemnul.
  1575 | D:2      | Reached XP level 4. HP: 27/27 MP: 4/7
  1767 | D:2      | Found a faded altar of an unknown god.
  2027 | D:3      | Noticed Robin
  2030 | D:3      | Noticed Ijyb
  2133 | D:3      | Killed Ijyb
  2198 | D:3      | Reached XP level 5. HP: 10/31 MP: 9/9
  2490 | D:3      | Killed Robin
  2562 | D:3      | Found a white marble altar of Elyvilon.
  2684 | D:3      | Found a transporter.
  2685 | D:3      | Found a bloodstained altar of Trog.
  2892 | D:3      | Found a transporter.
  2897 | D:3      | Noticed an ogre
  2984 | D:3      | Learned a level 4 spell: Petrify
  3005 | D:3      | Killed an ogre
  3005 | D:3      | Reached skill level 5 in Earth Magic
  3005 | D:3      | Reached XP level 6. HP: 31/36 MP: 7/11
  3145 | D:4      | Found a deep blue altar of Sif Muna.
  3474 | D:4      | Reached skill level 6 in Earth Magic
  3559 | D:4      | Learned a level 5 spell: Lee's Rapid Deconstruction
  3663 | D:4      | Reached XP level 7. HP: 41/41 MP: 0/12
  4467 | D:5      | Entered Level 5 of the Dungeon
  4467 | D:5      | Noticed Eustachio
  4491 | D:5      | Killed Eustachio
  4491 | D:5      | Reached skill level 1 in Shields
  4502 | D:5      | Reached skill level 7 in Earth Magic
  4559 | D:5      | Found an ornate altar of the Wu Jian Council.
  4644 | D:4      | You fall through a shaft for 3 floors!
  4677 | D:7      | Slain by a scorpion

Vault maps used:
D:1:      dpeg_arrival_rooms_with_view, chequers_mini_garden
D:2:      zin_treasury, nicolae_overflow_hidden_temple,
          chequers_ecumenical_altar_island, kennysheep_generic_room_8
D:3:      gammafunk_temple_overflow_arena, elyvilon_altar_1, first_ration,
          uniq_robin, uniq_ijyb
D:4:      lemuel_blue_sif_altar
D:5:      kennysheep_little_box, enter_ossuary_5, uniq_eustachio
D:7:      nicolae_ru_path_of_blood, kennysheep_mini

Skill      XL: |  1  2  3  4  5  6  7 |
---------------+----------------------+-----
Earth Magic    | 4 5 6 7 |  7.1
Stealth        | 3 4 |  4.0
Spellcasting   | 3 4 |  4.4
Shields        | 1 |  1.7
Dodging        | |  2.6
Transmutations | |  1.0

Action                   |  1- 3 |  4- 6 |  7- 9 || total
-------------------------+-------+-------+-------++-------
Melee: Unarmed           |   123 |   178 |     6 ||   307
       Constrict         |    31 |    47 |     7 ||    85
       Tentacles         |    20 |    30 |     3 ||    53
       Dagger            |       |       |    14 ||    14
 Cast: Sandblast         |     6 |    30 |    28 ||    64
       Passwall          |     2 |       |       ||     2
       Lee's Rapid Decon |       |       |     1 ||     1
Evoke: Wand              |       |     1 |     3 ||     4
  Use: Scroll            |       |     3 |     2 ||     5
       Potion            |       |     3 |     6 ||     9
 Stab: Sleeping          |    11 |     9 |     2 ||    22
       Confused          |       |     2 |       ||     2
  Eat: Chunk             |     2 |     7 |     4 ||    13
Armor: Skin              |     7 |    45 |    11 ||    63
Dodge: Dodged            |    86 |   161 |    43 ||   290

Table legend:
 A = Non-vault XP
 B = Vault XP
 C = Vault XP percentage of total XP
 D = Non-vault monster count
 E = Vault monster count
 F = Vault count percentage of total count
                 A         B        C        D         E       F
            +---------+---------+-------+---------+---------+-------
      Total |     765 |     420 |  35.4 |      94 |      22 |  19.0
            +---------+---------+-------+---------+---------+-------
        D:1 |      49 |       4 |   7.5 |      24 |       2 |   7.7
        D:2 |      38 |      17 |  30.9 |      20 |       3 |  13.0
        D:3 |      54 |     197 |  78.5 |      16 |      16 |  50.0
        D:4 |     459 |       0 |   0.0 |      26 |       0 |   0.0
        D:5 |      89 |     202 |  69.4 |       6 |       1 |  14.3
        D:7 |      76 |       0 |   0.0 |       2 |       0 |   0.0
            +---------+---------+-------+---------+---------+-------
